 Dungeon Crawl Stone Soup version 0.30-a0-310-g7d6cbdfea6 (webtiles) character file.

Game seed: 7316269836929973623

4031 jlumianski the Cleaver (level 10, 0/67 (74) HPs)
             Began as a Demonspawn Gladiator on Oct 24, 2022.
             Was a Follower of Makhleb.
             Succumbed to a killer bee's poison
             ... on level 7 of the Dungeon.
             The game lasted 00:54:04 (10376 turns).

jlumianski the Cleaver (Demonspawn Gladiator)      Turns: 10376, Time: 00:54:04

HP:   0/67 (74)     AC: 15    Str: 18    XL:     10   Next: 4%
MP:   14/14         EV:  7    Int:  9    God:    Makhleb [*.....]
Gold: 397           SH:  8    Dex: 18    Spells: 9/9 levels left

rFire   . . .      SeeInvis .    a - +1 war axe
rCold   . . .      Faith    .    C - +0 kite shield
rNeg    . . .      Spirit   .    m - +0 chain mail
rPois   +          Reflect  .    (helmet restricted)
rElec   .          Harm     .    (no cloak)
rCorr   .          Rampage  .    D - +2 pair of gloves
Will    .....                    i - +1 pair of boots {Stlth+}
Stlth   +.........               (no amulet)
HPRegen 0.31/turn                h - ring of poison resistance
MPRegen 0.14/turn                (no ring)

@: lethally poisoned (0 -> -6), drained
A: horns 1, thin skeletal structure 1, demonic guardian 2
a: Renounce Religion


You were on level 7 of the Dungeon.
You worshipped Makhleb.
Makhleb was aware of your devotion.
You visited 2 branches of the dungeon, and saw 10 of its levels.

You collected 690 gold pieces.
You spent 293 gold pieces at shops.

Inventory:

Hand Weapons
 a - a +1 war axe (weapon)
 f - a +1 dagger of venom
 l - the +7 dagger "Poirhire" {vamp, Will++ rCorr}
   (You took it off a goblin on level 2 of the Dungeon)

   It occasionally heals its wielder for a portion of the damage dealt when it
   wounds a living foe.
   rCorr:     It protects you from acid and corrosion.
   Will:      It greatly increases your willpower.
 q - a +3 spear of venom
 y - a +4 trident of venom
 F - a +5 mace of freezing
Missiles
 d - 3 throwing nets
 u - a curare-tipped dart
 v - 11 poisoned darts (quivered)
 x - a javelin
 A - 5 atropa-tipped darts
Armour
 b - a +0 leather armour
 c - a +0 helmet
 i - a +1 pair of boots of stealth (worn)
 k - a +0 ring mail
 m - a +0 chain mail (worn)
 p - a +0 pair of boots
 C - a +0 kite shield (worn)
 D - a +2 pair of gloves (worn)
Jewellery
 h - a ring of poison resistance (left hand)
 H - a ring of magical power
Wands
 e - a wand of light (5)
 I - a wand of paralysis (12)
Scrolls
 o - a scroll of blinking
 r - 3 scrolls of fog
 t - 2 scrolls of identify
 B - a scroll of enchant weapon
 E - 2 scrolls of magic mapping
 G - a scroll of teleportation
 J - a scroll of fear
Potions
 g - a potion of cancellation
 j - a potion of brilliance
 n - 2 potions of attraction
 s - 4 potions of degeneration
 w - 2 potions of haste
 z - 2 potions of might


   Skills:
 + Level 5.5 Fighting
 + Level 9.3 Axes
 + Level 2.7 Throwing
 + Level 6.5 Armour
 + Level 3.5 Dodging
 + Level 1.3 Stealth
 + Level 1.0 Shields
 * Level 5.4 Invocations


You had 9 spell levels left.
You didn't know any spells.
Your spell library contained the following spells:

 Spells                   Type           Power      Damage    Failure   Level
 Freeze                   Ice            0%         1d3       100%        1
 Sandblast                Erth           0%         2d4       100%        1
 Slow                     Hex            0%         N/A       100%        1
 Passwall                 Tmut/Erth      0%         N/A       100%        2
 Confusing Touch          Hex            0%         N/A       100%        3
 Dazzling Flash           Conj/Hex       0%         N/A       100%        3
 Frozen Ramparts          Ice            0%         1d1       100%        3
 Hailstorm                Conj/Ice       0%         3d3       100%        3
 Stone Arrow              Conj/Erth      0%         3d7       100%        3
 Vampiric Draining        Necr           0%         2d6       100%        3
 Iskenderun's Mystic Bla  Conj/Tloc      0%         2d3       100%        4
 Starburst                Conj/Fire      0%         6d3       100%        6


Dungeon Overview and Level Annotations

Branches:
Dungeon (9/15)             Temple (1/1) D:4
   Lair: D:8-11         Orc: D:9-12

Altars:
Ashenzari
Cheibriados
Dithmenos
Gozag
Hepliaklqana
Kikubaaqudgha
Makhleb
Nemelex Xobeh
Okawaru
Sif Muna
Trog
Uskayaw
Vehumet
Wu Jian
Xom
Yredelemnul

Shops:
D:6 !   D:8 *=


Innate Abilities, Weirdness & Mutations

You have a pair of small horns on your head.
You have a somewhat thin skeletal structure. (Dex +2, Stealth+)
A demonic guardian rushes to your aid.


Message History

The killer bee stings you but does no damage.
You block the killer bee's attack.
Your rust devil barely misses the killer bee.
Okay, then.
Unknown command.
Blink to where?
Press: ? - help, Dir - move target
As you read the scroll of blinking, it crumbles to dust.
You feel sick.
Your hellwing hits the killer bee!
The killer bee dies!
Makhleb accepts your kill.
Your Shields skill increases to level 1!
You feel sick.
You feel sick.
You feel sick.
You feel sick.
You feel sick.
You are no longer poisoned.
You closely miss the killer bee.
The killer bee is heavily wounded.
The killer bee stings you but does no damage.
The killer bee completely misses you. The killer bee stings you.
* * * LOW HITPOINT WARNING * * *
A demonic guardian appears!
You are lethally poisoned!
The killer bee poisons you!
You swap places.
* * * LOW HITPOINT WARNING * * *
You feel sick.
The killer bee stings your orange demon. x2
Your orange demon stings the killer bee.
The killer bee looks as sick as possible!
Your orange demon poisons the killer bee!
Your orange demon hits the killer bee!
The killer bee dies!
Makhleb accepts your kill.
Okay, then.
Unknown command.
Unknown command.
You die...

# #...#.#.#......#.#.#.........#.
###'###.#.###....#.#.............
#.....#.#.#.......[..............
......#.#.#.#.##.#.###.......##.#
#.....#.#.#.#<[..#...+........#.#
#.....#.#.#.#)#..#####........#.#
#.....#.#.#.#.#..############.#.#
'.....+..........4†.# #######.#.#
#.....#.#.#.#.#.@##.###.......#.#
#.....#'#+#.#.#####..##.......#.#
#.....................+.........#
#..........#########.##.......##.
#..............................+.
#..........#########.....#######.
#..........# ####...# ##.
############ ######4#.## ##..
###### #.........###...


You could see a friendly orange demon (summoned).

Vanquished Creatures
  The ghost of koil the Covert, a novice SpBr of Wu Jian (D:7)
  A yak (D:8)
  An acid dragon (D:7)
  A water moccasin (D:6)
  2 sky beasts (D:7)
  An ice beast (D:7)
  2 ogres
  A phantom (D:6)
  3 centaurs
  Blork the orc (D:6)
  3 bullfrogs
  2 scorpions
  A gnoll sergeant (D:7)
  7 wights
  3 killer bees (D:7)
  3 hounds
  2 jellies
  2 orc priests (D:7)
  A gnoll bouda (D:6)
  6 iguanas
  5 orc wizards
  8 adders
  18 gnolls
  A shadow imp (D:7)
  A white imp (D:7)
  3 ufetubi (D:5)
  4 worms
  A dart slug (D:3)
  21 orcs
  7 ball pythons
  4 endoplasms
  2 giant cockroaches (D:4)
  3 goblins
  8 hobgoblins
  A quokka (D:4)
  4 bats
  2 frilled lizards (D:2)
  16 kobolds
  2 rats
  A spectral hobgoblin (D:4)
156 creatures vanquished.

Vanquished Creatures (collateral kills)
  Prince Ribbit (D:6)
  A kobold brigand (D:4)
  2 gnoll sergeants
  A scorpion (D:5)
  2 killer bees (D:7)
  A hound (D:4)
  A gnoll bouda (D:5)
  An iguana (D:6)
  7 gnolls
  An ufetubus (D:5)
  An endoplasm (D:4)
  A giant cockroach (D:4)
  5 kobolds (D:4)
25 creatures vanquished.

Vanquished Creatures (others)
  4 kobolds (D:4)
  11 fungi (D:8)
  69 plants
  4 toadstools (D:8)
88 creatures vanquished.

Grand Total: 269 creatures vanquished

Notes
Turn   | Place    | Note
-------+----------+-------------------------------------------
     0 | D:1      | jlumianski the Demonspawn Gladiator began the quest for the
                  | Orb.
     0 | D:1      | Reached XP level 1. HP: 16/16 MP: 1/1
   583 | D:1      | Gained mutation: You have a pair of small horns on your
                  | head. [demonic ancestry]
   583 | D:1      | Reached XP level 2. HP: 22/22 MP: 2/2
   614 | D:2      | Reached skill level 3 in Axes
  1022 | D:3      | Reached XP level 3. HP: 12/27 MP: 3/3
  1578 | D:2      | Identified the +7 dagger "Poirhire" {vamp, Will++ rCorr}
  1980 | D:3      | Found a faded altar of an unknown god.
  1993 | D:3      | You fall into a shaft and drop 2 floors!
  1993 | D:5      | Entered Level 5 of the Dungeon
  2034 | D:5      | Reached skill level 1 in Armour
  2034 | D:5      | Reached XP level 4. HP: 29/33 MP: 4/4
  2105 | D:5      | Reached skill level 4 in Axes
  2131 | D:5      | Gained mutation: A weak demonic guardian rushes to your
                  | aid. [demonic ancestry]
  2131 | D:5      | Reached XP level 5. HP: 18/39 MP: 5/5
  2564 | D:4      | Gained mutation: A demonic guardian rushes to your aid.
                  | [demonic ancestry]
  2564 | D:4      | Reached XP level 6. HP: 46/46 MP: 6/6
  2611 | D:5      | Reached skill level 5 in Axes
  2713 | D:6      | Found Jeegoan's Distillery.
  2730 | D:6      | Bought a potion of heal wounds for 70 gold pieces
  2730 | D:6      | Bought a potion of heal wounds for 70 gold pieces
  3578 | D:4      | Found a staircase to the Ecumenical Temple.
  3616 | Temple   | Entered the Ecumenical Temple
  3727 | D:4      | Gained mutation: You have a somewhat thin skeletal
                  | structure. (Dex +2, Stealth+) [demonic ancestry]
  3727 | D:4      | Reached XP level 7. HP: 39/52 MP: 7/7
  3953 | D:4      | Reached skill level 1 in Stealth
  4013 | D:4      | Reached skill level 6 in Axes
  4640 | D:4      | Found a hazy altar of Hepliaklqana.
  5599 | D:7      | Reached XP level 8. HP: 18/60 MP: 8/8
  5926 | D:6      | Noticed Prince Ribbit
  6097 | D:5      | HP: 1/60 [gnoll sergeant/+0 trident (13)]
  6386 | D:5      | Reached skill level 7 in Axes
  6461 | D:6      | Bought a potion of curing for 42 gold pieces
  6461 | D:6      | Bought a potion of curing for 42 gold pieces
  6733 | D:6      | Reached skill level 5 in Armour
  6961 | D:6      | Killed Prince Ribbit
  7028 | D:6      | Found a burning altar of Makhleb.
  7046 | D:6      | Became a worshipper of Makhleb the Destroyer
  7085 | D:6      | Noticed Blork the orc
  7097 | D:6      | Killed Blork the orc
  7229 | D:6      | Reached skill level 1 in Invocations
  7587 | D:7      | Reached XP level 9. HP: 55/63 MP: 10/10
  7742 | D:7      | Reached skill level 8 in Axes
  7998 | D:7      | Found a hide-covered altar of Uskayaw.
  8111 | D:8      | Found Qoxu's Jewellery Shop.
  8357 | D:7      | Found a transporter.
  8433 | D:7      | Reached skill level 5 in Fighting
  8550 | D:7      | Found a transporter.
  8551 | D:7      | Identified the ring "Poedyt" {rF+ rCorr Int+3}
  8566 | D:7      | Noticed koil's ghost (novice SpBr)
  9017 | D:7      | Killed koil's ghost
  9818 | D:8      | Found Loseuhal's Assorted Antiques.
  9832 | D:8      | Reached skill level 9 in Axes
  9853 | D:8      | Bought a scroll of teleportation for 69 gold pieces
  9964 | D:7      | Reached * piety under Makhleb
 10059 | D:8      | Paralysed by a wight for 2 turns
 10072 | D:7      | Reached skill level 5 in Invocations
 10360 | D:7      | Reached XP level 10. HP: 44/66 MP: 12/14
 10366 | D:7      | Reached skill level 1 in Shields
 10374 | D:7      | HP: 3/67 [killer bee (5)]
 10376 | D:7      | Succumbed to a killer bee's poison

Illustrated notes

Levels and vault maps discovered:
D:1:      tarquinn_simple_flora_water_b, layout_loops_ring
D:2:      layout_basic
D:3:      layout_rooms, shapermc_ecumenical_altar_ellora
D:4:      kennysheep_kobold_camp, layout_basic,
          nicolae_hepliaklqana_monster_ancestors, minmay_temple_entry_tees
D:5:      layout_basic
D:6:      layout_cave_pods, makhleb_blood_cavern_becter,
          fedhas_bush_and_centaur_altar, serial_shops, kennysheep_little_box,
          uniq_blork_the_orc, uniq_menkaure, uniq_prince_ribbit1
D:7:      layout_basic, mainiacjoe_overflow_boulevard,
          gammafunk_ghost_gnarly_gnolls
D:8:      layout_gridville, serial_shops, shop_coins,
          gammafunk_ghost_hydra_chop, minivault_22, minmay_gold_behind_fungi,
          kennysheep_diamond, sigmund_army
D:9:      layout_cross, dpeg_oklobed_lair, gammafunk_ghost_hive, minivault_24,
          uniq_erica
Temple:   hellmonk_temple_of_storms

Skill      XL: |  1  2  3  4  5  6  7  8  9 10 |
---------------+-------------------------------+-----
Axes           | 3 4 5 6 7 9 |  9.3
Dodging        | 3 |  3.5
Armour         | 1 2 3 5 6 |  6.5
Fighting       | 3 4 5 |  5.5
Stealth        | 1 |  1.3
Throwing       | 2 |  2.7
Invocations    | 2 5 |  5.4
Shields        | 1 |  1.0

Action                   |  1- 3 |  4- 6 |  7- 9 | 10-12 || total
-------------------------+-------+-------+-------+-------++-------
Melee: War axe           |    69 |   139 |   364 |     6 ||   578
       Headbutt          |     2 |    30 |    78 |       ||   110
       Punch             |       |     3 |     4 |       ||     7
Throw: Javelin           |       |     1 |       |       ||     1
       Dart              |       |       |    13 |       ||    13
Evoke: Wand              |       |       |     2 |       ||     2
  Use: Scroll            |     9 |     1 |     5 |     1 ||    16
       Potion            |     2 |       |     4 |       ||     6
 Stab: Invisible         |       |       |     1 |       ||     1
Armor: Chain mail        |    58 |   116 |   270 |    11 ||   455
       Leather armour    |     6 |       |       |       ||     6
       Ring mail         |     4 |       |       |       ||     4
Dodge: Dodged            |    30 |    82 |   214 |    11 ||   337
Block: Kite shield       |       |       |    57 |     6 ||    63

Table legend: (Time is in decaauts)
 A = Elapsed time spent in this place.
 B = Non-inter-level travel time spent in this place.
 C = Inter-level travel time spent in this place.
 D = Time resting spent in this place.
 E = Time spent auto-exploring this place.
 F = Levels seen in this place.
 G = Mean time per level.
                   A        B        C        D        E       F      G
               +--------+--------+--------+--------+--------+-----+--------+
         Total |  10545 |  10386 |    159 |   1966 |   4163 |  10 | 1054.5 |
       Dungeon |  10445 |  10286 |    159 |   1966 |   4163 |   9 | 1160.6 |
        Temple |     99 |     99 |      0 |      0 |      0 |   1 |   99.0 |
               +--------+--------+--------+--------+--------+-----+--------+

Top non-repeatable levels by time:
     D:7: 2630 daAuts
     D:4: 1734 daAuts
     D:6: 1486 daAuts
     D:5: 1481 daAuts
     D:2: 933 daAuts
     D:1: 930 daAuts
     D:3: 786 daAuts
     D:8: 459 daAuts
  Temple: 99 daAuts
     D:9: 3 daAuts
